AoeStats
← RaskWarrioR

Arena

510807294Analyzed
2v2 RM · 12h ago on Oct 2, 2026· 51m 48s· 4 players
Game mode
Random Map
Map size
Medium (4 player)
Population
200
Speed
Normal
Resources
Standard
Victory
Conquest
Starting age
Dark Age
Ending age
Imperial Age
RankedLock teamsTeams togetherTeam positionsShared explorationLock speedFull tech treeHidden civsTurbo modeCheats
Victory
Defeat
🇦🇷 Malians · Argentina
1202
+17
🇵🇪 Magyars · Peru
1198
+17
🇮🇳 Danes · India
1232
-17
🇺🇸 Persians · United States
1232
-17
RaskWarrioR
10:22 Feudal Age
9:00 Loom
11:53 Town Watch
15:28 Castle Age
16:53 Double-Bit Axe
20:43 Scale Barding Armor
22:17 Chain Barding Armor
24:47 Horse Collar
33:22 Fletching
33:59 Bow Saw
38:41 Imperial Age
38:42 Corvinian Army
39:33 Heavy Plow
40:15 Light Cavalry
41:07 Husbandry
41:24 Bloodlines
41:09 Elite Magyar Huszar
42:21 Conscription
42:59 Plate Barding Armor
43:11 Wheelbarrow
42:28 Gold Mining
43:50 Two-Man Saw
43:31 Light Cavalry
45:08 Stone Mining
46:54 Hand Cart
Ilum | DiegoGrip
9:55 Feudal Age
10:21 Loom
14:12 Castle Age
20:39 Forging
23:16 Gold Mining
24:36 Scale Mail Armor
30:08 Imperial Age
27:59 Double-Bit Axe
29:08 Fletching
29:57 Chain Mail Armor
31:13 Bodkin Arrow
32:46 Iron Casting
35:49 Plate Mail Armor
41:10 Chemistry
41:29 Padded Archer Armor
42:02 Horse Collar
42:53 Ballistics
43:55 Caravan
44:46 Leather Archer Armor
45:40 Bow Saw
48:57 Conscription
50:03 Block Printing
50:57 Crossbowman
51:43 Thumb Ring
Naruto
9:06 Loom
10:53 Feudal Age
14:53 Castle Age
14:15 Double-Bit Axe
14:35 Loom
17:26 Horse Collar
28:48 Fletching
34:39 Imperial Age
35:00 Imperial Age
33:45 Crossbowman
Lollzz
10:46 Feudal Age
10:50 Feudal Age
14:43 Castle Age
13:42 Double-Bit Axe
16:42 Loom
25:41 Wheelbarrow
28:20 Squires
33:16 Imperial Age
32:27 Hand Cart
31:58 Town Watch
35:14 Scale Mail Armor
35:24 Forging
35:54 Conscription
36:37 Chain Mail Armor
37:17 Ballistics
37:43 Horse Collar
38:47 Fletching
38:57 Padded Archer Armor
40:09 Chemistry
39:41 Bodkin Arrow
41:19 Iron Casting
42:25 Ballistics
44:57 Bracer
45:28 Plate Mail Armor
44:30 Cranequins
45:25 Masonry
46:55 Blast Furnace
45:38 Elite Jomsviking
Connection lost

Rejoining the realm…

Still unreachable

The connection could not be restored.

Session expired

The server has moved on; the page needs a fresh start.